 Dungeon Crawl Stone Soup version 0.19.5 (webtiles) character file.

18 devil0150 the Magician (level 2, 0/17 HPs)
             Began as a High Elf Wizard on Apr 11, 2017.
             Was an Initiate of Ru.
             Slain by a rat (2 damage)
             ... on level 2 of the Dungeon.
             The game lasted 00:06:25 (1352 turns).

devil0150 the Magician (High Elf Wizard)            Turns: 1352, Time: 00:06:25

Health: 0/17       AC:  3    Str:  6    XL:     2   Next: 51%
Magic:  1/8        EV: 12    Int: 21    God:    Ru [......]
Gold:   97         SH:  0    Dex: 13    Spells: 1 memorised, 8 levels left

rFire  . . .     SeeInvis .     e - -2 whip (curse)
rCold  . . .     Gourm    .     a - +1 robe
rNeg   . . .     Faith    .     (no shield)
rPois  .         Spirit   .     b - +0 hat
rElec  .         Reflect  .     (no cloak)
rCorr  .         Harm     .     (no gloves)
MR     .....                    (no boots)
Stlth  ++........               (no amulet)
                                (no ring)
                                (no ring)

@: no status effects
A: no striking features
a: Renounce Religion


You were on level 2 of the Dungeon.
You worshipped Ru.
Ru was noncommittal.
You were very hungry.

You visited 1 branch of the dungeon, and saw 2 of its levels.

You collected 97 gold pieces.

Inventory:

Hand Weapons
 e - a cursed -2 whip (weapon)
 f - a +0 short sword
Armour
 a - a +1 robe (worn)
 b - a +0 hat (worn)
Jewellery
 k - an uncursed ring of see invisible {unknown}
Books
 c - a book of Minor Magic

   Spells                             Type                      Level
   a - Magic Dart                     Conjuration                  1
   b - Blink                          Translocation                2
   c - Call Imp                       Summoning                    2
   d - Repel Missiles                 Charms/Air                   2
   e - Slow                           Hexes                        2
   f - Conjure Flame                  Conjuration/Fire             3
   g - Mephitic Cloud                 Conjuration/Poison/Air       3
Comestibles
 d - a bread ration
 i - a slice of pizza


   Skills:
 + Level 0.1 Maces & Flails
 + Level 2.3 Dodging
 + Level 2.5 Stealth
 + Level 4.2 Spellcasting
 + Level 1.1 Conjurations
   Level 0.8 Summonings
   Level 1.1 Translocations


You had 8 spell levels left.
You knew the following spells:

 Your Spells              Type           Power        Failure   Level  Hunger
a - Magic Dart            Conj           #...         10%         1    None


Dungeon Overview and Level Annotations

Branches:
Dungeon (2/15)

Altars:
Ru
Vehumet

Annotations:
D:2 Natasha


Message History

Firing (i - inventory): No suitable missiles.
Press: ? - help, Shift-Dir - straight line, f/p - worm
Aim: a worm (moderately wounded)
Okay, then.
The rat twitches its whiskers.
The worm closely misses you.
You hit the worm.
The worm is moderately wounded.
The rat bites you.
* * * LOW HITPOINT WARNING * * *
The worm misses you.
You hit the worm.
The worm is heavily wounded.
The rat barely misses you. The rat bites you but does no damage.
You hit the worm.
The worm is severely wounded.
The worm bites you.
* * * LOW HITPOINT WARNING * * *
The rat bites you.
You die...

**,,,****,,***########,#.........
**,,,***,,,,,,.......*,#.........
,+,,,+,,,,,,,,,.....,,,+.........
**,,,***,*,,,,,....*,,,#.........
*,,,* *,*,,,,,#..,,,,,#.........
***** *,*,,**,#.#,**..##########
*,**,**,#h#,#....,,*
*,,,,,,,#r#,#...#*,*
*****,**#@#,#...#*,*
*,**#w#,*...#*,* *,,*#w#,,...#*,*
**,*#.####..#*,####*
*,*#....w..#*,,...*
*,,######w##*,###w#* **,** #.#
*,.....## ********,,* #.#
*,,#..... *,,,,,,,*,*
#w#########..


You could see a worm, Natasha, a dart slug and a rat.

Vanquished Creatures
  A dart slug (D:1)
  A goblin (D:1)
  A hobgoblin (D:1)
  4 kobolds
  A quokka (D:2)
  6 bats
  4 rats (D:1)
18 creatures vanquished.

Vanquished Creatures (others)
  A giant cockroach (D:2)
  A hobgoblin (D:2)
  A kobold (D:2)
3 creatures vanquished.

Grand Total: 21 creatures vanquished

Notes
Turn   | Place    | Note
-------+----------+-------------------------------------------
     0 | D:1      | devil0150 the High Elf Wizard began the quest for the Orb.
     0 | D:1      | Reached XP level 1. HP: 11/11 MP: 6/6
   244 | D:1      | Reached skill level 4 in Spellcasting
   398 | D:1      | Reached XP level 2. HP: 12/17 MP: 0/8
  1157 | D:2      | Found a sacrificial altar of Ru.
  1162 | D:2      | Became a worshipper of Ru the Awakened
  1307 | D:2      | Found a radiant altar of Vehumet.
  1341 | D:2      | Noticed Natasha
  1352 | D:2      | Slain by a rat

Skill      XL: |  1 |
---------------+----+-----
Spellcasting   | 4 |  4.2
Maces & Flails | |  0.1
Dodging        | |  2.3
Stealth        | |  2.5
Conjurations   | |  1.1
Summonings     | |  0.8
Translocations | |  1.1

Action                   || total
-------------------------++-------
Melee: Whip              ||    11
 Cast: Magic Dart        ||    57
  Use: Scroll            ||     4
Armor: Robe              ||     4
Dodge: Dodged            ||    17
